[Event "Late-Titled-Tuesday-Blitz-September-19-2023"]
[Site "Chess.com"]
[Date "2023.09.19"]
[Round "4"]
[White "rdarruda"]
[Black "AlexandraBotez"]
[Result "1-0"]
[WhiteElo "2497"]
[BlackElo "2307"]
[TimeControl "180+1"]
[EndTime "14:37:40 PDT"]
[Termination "rdarruda won by resignation"]

1. Nf3 Nf6 2. d4 d5 3. c4 e6 4. Nc3 c6 5. e3 Bd6 6. Bd3 O-O 7. O-O Nbd7 8. e4 dxe4 9. Nxe4 Nxe4 10. Bxe4 e5 11. dxe5 Nxe5 12. Nxe5 Bxe5 13. Bxh7+ Kxh7 14. Qh5+ Kg8 15. Qxe5 Be6 16. b3 Qh4 17. Bb2 Qh6 18. Rad1 Rfe8 19. Qc7 Rab8 20. Rd3 Bf5 21. Rg3 Bg6 22. Qa5 a6 23. Qc7 Qd2 24. Bc3 Qc2 25.
h4 Qf5 26. Rg5 Qd3 27. Rg3 Qf5 28. Rd1 Rbc8 29. Qxb7 Re2 30. Rf3 Qe6 31. a4 Re8 32. Rg3 Qf5 33. Rf1 Qe4 34. Qxa6 Qxh4 35. Qxc6 R8e6 36.
Qc8+ Kh7 37. a5 f5 38. Rh3 Qxh3 39. gxh3 Bh5 40. Qb7 f4 41. Qd5 Rg6+ 42. Kh2 f3 43. Qxh5+ Rh6 44. Qg4 1-0

[Event "Late-Titled-Tuesday-Blitz-September-19-2023"]
[Site "Chess.com"]
[Date "2023.09.19"]
[Round "4"]
[White "BrandonJacobson"]
[Black "simplerXiao"]
[Result "0-1"]
[WhiteElo "2893"]
[BlackElo "2574"]
[TimeControl "180+1"]
[EndTime "14:37:41 PDT"]
[Termination "simplerXiao won by resignation"]

1. Nf3 d5 2. c4 d4 3. b4 f6 4. Na3 e5 5. Nc2 a5 6. b5 Bc5 7. d3 Ne7 8. g3 O-O 9. Bg2 Nd7 10. O-O f5 11. Nd2 Ng6 12. Nb3 Bd6 13. a4 Qe7 14. e3 dxe3 15. Nxe3 f4 16. Nd5 Qd8 17. Nd2 Nc5 18. Ne4 Nxe4 19. Bxe4 Bh3 20. Re1 c6 21. Qh5 Be6 22. Nc3 Bc5 23. Bxg6 hxg6 24. Qxe5 Bxf2+ 25. Kxf2 fxg3+ 26. Kxg3 Re8 27. Re3 Bf7 28. Qf4 g5 29.
Rxe8+ Bxe8 30. Qf3 Qd6+ 31. Kg2 Qd4 32. Bd2 Bg6 33. Rd1 Rf8 34. Qe3 Qg4+ 35. Qg3 Qd4 36. Ne2 Qb2 37. Kg1 Bh5 38. Bc3 Qc2 39. Re1 Bxe2 40.
Bxg7 Rf5 41. Ba1 cxb5 42. axb5 Qd2 43. Qb8+ Kf7 44. Qxb7+ Kg6 45. Qg7+ Kh5 46. Qh7+ Kg4 47. h3+ Kf4 48. Qc7+ Kf3 49. Qc6+ Kg3 50. Qg2+ Kh4 51.
Qg4+ Bxg4 0-1

[Event "Late-Titled-Tuesday-Blitz-September-19-2023"]
[Site "Chess.com"]
[Date "2023.09.19"]
[Round "4"]
[White "Thjop"]
[Black "traack"]
[Result "1-0"]
[WhiteElo "2611"]
[BlackElo "2371"]
[TimeControl "180+1"]
[EndTime "14:37:41 PDT"]
[Termination "Thjop won on time"]

1. e4 c5 2. Nf3 e6 3. g3 Nc6 4. Bg2 Nf6 5. d3 d5 6. Nbd2 Be7 7. O-O b6 8. Re1 Bb7 9. e5 Nd7 10. Nf1 Qc7 11. Bf4 h6 12. h4 g5 13. hxg5 hxg5 14. Nxg5 Ndxe5 15. Ne3 Qd7 16. c3 Ng6 17. Nh3 O-O-O 18.
d4 e5 19. dxe5 Rxh3 20. Bxh3 Qxh3 21. Qg4+ Qxg4 22. Nxg4 Nxf4 23. gxf4 Rg8 24. f3 d4 25. Kf2 dxc3 26. bxc3 Na5 27. Rh1 Nc4 28. Rh7 Bd5 29.
f5 Nd2 30. Rd1 Bxf3 31. Rxd2 Bxg4 32. f6 Bd8 33. Rxf7 Be6 34. Rxa7 Kb8 35. Rg7 Rf8 36.
Ke3 b5 37. Rd6 Bxa2 38. Rgd7 Bc7 39. Rc6 Bxe5 40. f7 Bxc3 41. Rxc5 b4 42. Rb5+ Kc8 43. Rbb7 Be5 44. Ke4 Bb8 45. Re7 b3 46. Rb5 Bd6 47. Re8+ Kd7 48. Rb7+ Kc6 49. Rbb8 Bxb8 50. Rxf8 Bd6 51.
Rd8 b2 52. Rxd6+ Kc7 53. f8=Q b1=Q+ 54. Ke5 1-0

[Event "Late-Titled-Tuesday-Blitz-September-19-2023"]
[Site "Chess.com"]
[Date "2023.09.19"]
[Round "4"]
[White "Nathan_Filgueiras"]
[Black "jk13"]
[Result "1-0"]
[WhiteElo "2512"]
[BlackElo "2634"]
[TimeControl "180+1"]
[EndTime "14:37:41 PDT"]
[Termination "Nathan_Filgueiras won by resignation"]

1. e4 e5 2. Nf3 Nc6 3. Bc4 Bc5 4. O-O Nf6 5. d3 O-O 6. Nbd2 d6 7. c3 a6 8. Bb3 Ba7 9. h3 Ne7 10. Re1 Ng6 11. Nf1 c6 12. d4 h6 13. Ng3 Re8 14. Bc2 b5 15. Nf5 Qc7 16. Be3 c5 17. Rc1 Bb7 18. d5 c4 19. Qd2 Bxe3 20. Qxe3 Nf4 21.
Kh2 Rad8 22. g3 Ng6 23. Rg1 Nh7 24. Rcf1 Bc8 25. N3h4 Nxh4 26. gxh4 Bxf5 27. exf5 Kh8 28. Rxg7 Kxg7 29. Rg1+ Kf8 30. Qxh6+ Ke7 31. Qxh7 Rf8 32.
f6+ Ke8 33. Rg7 Qd7 34. Bf5 Qa7 35. Kg1 Qc5 36. Be6 Rd7 37. Bxd7+ Kxd7 38. Rxf7+ Rxf7 39. Qxf7+ Kc8 40. Qe8+ Kc7 41. Qe7+ Kb6 42. f7 Qxd5 43.
Qd8+ Kc5 44. Qc7+ 1-0

[Event "Late-Titled-Tuesday-Blitz-September-19-2023"]
[Site "Chess.com"]
[Date "2023.09.19"]
[Round "4"]
[White "leoduarte"]
[Black "Reality-Stone"]
[Result "1-0"]
[WhiteElo "2497"]
[BlackElo "2608"]
[TimeControl "180+1"]
[EndTime "14:37:43 PDT"]
[Termination "leoduarte won by resignation"]

1. d4 d5 2. c4 e6 3. Nf3 Nf6 4. g3 g6 5. Bg2 Bg7 6. O-O O-O 7.
Qc2 Nbd7 8. Nbd2 b6 9. e4 dxe4 10. Nxe4 Bb7 11. Nxf6+ Nxf6 12. Rd1 Qe7 13. Bf4 Rfd8 14.
Qe2 Rac8 15. d5 Qe8 16. dxe6 Qxe6 17. Qxe6 fxe6 18. Rxd8+ Rxd8 19. Bxc7 Rc8 20. Be5 Rxc4 21. Rd1 Bd5 22. Nd4 Nd7 23. Bxg7 Kxg7 24. Bxd5 exd5 25.
Ne6+ Kf6 26. Nf4 Rc2 27. Rxd5 Ne5 28. Rb5 g5 29. Nd5+ Ke6 30. Ne3 Rc1+ 31. Kg2 g4 32.
h3 h5 33. hxg4 hxg4 34. Rb4 Ra1 35. Re4 Kd6 36. Nxg4 Nd3 37. Rd4+ Kc5 38. Rxd3 Rxa2 39. Rd2 Kb4 40. Ne5 a5 41. Nd3+ Kc4 42. g4 a4 43.
g5 a3 44. b3+ Kxb3 45. Nc1+ Kc3 46. Rxa2 1-0

[Event "Late-Titled-Tuesday-Blitz-September-19-2023"]
[Site "Chess.com"]
[Date "2023.09.19"]
[Round "4"]
[White "AradNazari"]
[Black "MFatigue"]
[Result "0-1"]
[WhiteElo "2812"]
[BlackElo "2568"]
[TimeControl "180+1"]
[EndTime "14:37:44 PDT"]
[Termination "MFatigue won on time"]

1. e4 e6 2. d4 d5 3. e5 c5 4. c3 Nc6 5. Nf3 Bd7 6. Be2 Nge7 7. Na3 cxd4 8. cxd4 Nf5 9. Nc2 Qb6 10. O-O Na5 11. Bd3 Bb5 12. b3 Be7 13. Re1 Bxd3 14. Qxd3 Rc8 15. Bd2 Nc6 16. Rac1 O-O 17. g4 Nh4 18.
Nxh4 Bxh4 19. g5 Qd8 20. Qe3 Ne7 21. Qf4 Ng6 22. Qg4 Kh8 23. Rf1 f6 24. f4 f5 25.
Qf3 Qb6 26. Qd3 Bxg5 27. fxg5 Nxe5 28. Qe2 Ng6 29. Be3 f4 30. Bf2 Rc3 31. Rce1 Qd8 32. h4 Re8 33. Rd1 Qc8 34. Ne1 e5 35. dxe5 Rxe5 36. Qd2 Qg4+ 37. Ng2 f3 38. Bd4 Re2 39.
Qxe2 fxe2 40. Bxc3 exd1=Q 0-1

[Event "Late-Titled-Tuesday-Blitz-September-19-2023"]
[Site "Chess.com"]
[Date "2023.09.19"]
[Round "4"]
[White "hansen"]
[Black "BeanScreen"]
[Result "1-0"]
[WhiteElo "2940"]
[BlackElo "2721"]
[TimeControl "180+1"]
[EndTime "14:37:45 PDT"]
[Termination "hansen won on time"]

1. e4 e5 2. Nf3 Nc6 3. Bb5 a6 4.
Ba4 d6 5. c3 Nf6 6. d4 b5 7.
Bc2 Be7 8. O-O O-O 9. h3 Bb7 10. Re1 exd4 11. cxd4 Nb4 12. Nc3 Nxc2 13. Qxc2 c5 14.
d5 Re8 15. Bf4 Rc8 16. Rad1 Qc7 17. a3 Nd7 18. Ne2 Bf6 19. Ng3 g6 20. Nh2 Bg7 21. Ng4 Ne5 22. Nxe5 dxe5 23. Be3 Qd6 24. f3 c4 25. Ne2 a5 26. Rb1 b4 27. axb4 axb4 28. Ra1 Rc7 29. Ra5 Rec8 30. Rea1 Bf8 31. Kh1 Qd7 32.
Bb6 Bd6 33. Ra7 Qe7 34. Bxc7 Rxc7 35. R7a5 Qh4 36. Qd1 Bc8 37. Qe1 Qh5 38. Kh2 f5 39. Ra7 Rc5 40. Qxb4 fxe4 41. Ng3 Qh4 42. Nxe4 Rxd5 43.
Qxc4 Be6 44. Qc6 Rd4 45. Qe8+ 1-0

[Event "Late-Titled-Tuesday-Blitz-September-19-2023"]
[Site "Chess.com"]
[Date "2023.09.19"]
[Round "4"]
[White "KamlaPasand"]
[Black "biostatistician"]
[Result "1-0"]
[WhiteElo "2447"]
[BlackElo "2563"]
[TimeControl "180+1"]
[EndTime "14:37:45 PDT"]
[Termination "KamlaPasand won by resignation"]

1. e4 e5 2. Nf3 Nc6 3. Bc4 Bc5 4. c3 Nf6 5. d3 d6 6. O-O a6 7. h3 Ba7 8. Bb3 Be6 9. Nbd2 O-O 10. Re1 Qd7 11. Nf1 Kh8 12. Ng3 Bxh3 13. gxh3 Qxh3 14. Be3 Bxe3 15. Rxe3 Ng4 16. Re2 f5 17. Qf1 Qxf1+ 18. Rxf1 fxe4 19. Rxe4 Rxf3 20. Rxg4 Rxd3 21. Kg2 Rf8 22.
Ne4 g6 23. Bc4 Rdf3 24. Ng5 R3f4 25. Rxf4 Rxf4 26. Be2 Nd8 27. Rh1 h5 28. f3 Kg7 29.
Ne4 a5 30. Nf2 b6 31. Nd3 Rf6 32. Rg1 Ne6 33. Bd1 Kh6 34. Bb3 Nf4+ 35. Nxf4 Rxf4 36. Bc2 g5 37. Kg3 b5 38. Re1 h4+ 39. Kg2 Kg7 40. Re4 Rf8 41. Rg4 Kf6 42. a4 Rb8 43. axb5 Rxb5 44.
b3 d5 45. Kf2 c6 46. Ra4 Rc5 47. c4 Ke6 48. Kg2 dxc4 49. bxc4 e4 50. Bxe4 Ke5 51. Kh3 Kf4 52. Kg2 Ke3 53. Ra3+ Kf4 54. Bd3 Re5 55. Bf1 Rf5 56. Ra4 Rc5 57. Ra1 Rxc4 58. Bxc4 1-0

[Event "Late-Titled-Tuesday-Blitz-September-19-2023"]
[Site "Chess.com"]
[Date "2023.09.19"]
[Round "4"]
[White "FrenchMonster2002"]
[Black "KVAIDAN"]
[Result "1/2-1/2"]
[WhiteElo "2462"]
[BlackElo "2259"]
[TimeControl "180+1"]
[EndTime "14:37:46 PDT"]
[Termination "Game drawn - insufficient material"]

1. e4 e5 2. Nf3 d5 3. exd5 e4 4.
Qe2 Nf6 5. d3 Bb4+ 6. c3 O-O 7.
dxe4 Bc5 8. Bg5 c6 9. Qc2 cxd5 10.
Nbd2 dxe4 11. Nxe4 Be7 12. Rd1 Qb6 13. Nxf6+ Bxf6 14. Bxf6 Qxf6 15. Be2 Nc6 16. O-O Bf5 17. Qb3 Be4 18.
Nd4 Nxd4 19. Rxd4 Qg6 20. f3 Bc6 21. Bd3 Qh6 22. Be4 Rad8 23. Rxd8 Rxd8 24. Bxc6 Qe3+ 25. Kh1 bxc6 26. h3 h6 27. Rd1 Re8 28. Qc2 Qf4 29. Qf2 Re3 30. Qc2 g6 31. Rd8+ Kg7 32.
Qd2 Qe5 33. f4 Qxf4 34. Qd4+ Qxd4 35. Rxd4 Re2 36. Rb4 c5 37. Rb5 c4 38. a4 a5 39.
Kg1 f5 40. Kf1 Rc2 41. Rxa5 Rxb2 42. Rc5 Kf6 43. Rxc4 Ra2 44. h4 Ke5 45. Kg1 g5 46. hxg5 hxg5 47. Kh2 f4 48. Kh3 Kf5 49. Rc5+ Kg6 50.
a5 Kh5 51. g4+ Kg6 52. Rc6+ Kf7 53. a6 Ke7 54. Rg6 Ra3 55. Rxg5 Rxc3+ 56. Kg2 Ra3 57. Rg7+ Kf6 58. Rh7 Kg5 59. a7 Kxg4 60. Rg7+ Kf5 61. Kf2 Kf6 62. Rb7 Ke5 63. Ke2 Ke4 64. Re7+ Kf5 65. Kd2 Kg4 66. Kc2 f3 67. Kd2 Kg3 68. Ke1 Ra1+ 69. Kd2 f2 70. Rf7 Kg2 71. Rg7+ Kf3 72.
Rf7+ Ke4 73. Rxf2 Rxa7 74. Re2+ Kd4 75. Ke1 Rh7 76. Kf2 Rh2+ 77. Kf3 Rxe2 78. Kxe2 1/2-1/2

[Event "Late-Titled-Tuesday-Blitz-September-19-2023"]
[Site "Chess.com"]
[Date "2023.09.19"]
[Round "4"]
[White "Rutricks"]
[Black "only_strong_moves"]
[Result "1-0"]
[WhiteElo "2716"]
[BlackElo "2526"]
[TimeControl "180+1"]
[EndTime "14:37:48 PDT"]
[Termination "Rutricks won by resignation"]

1. c4 e6 2. b3 d5 3. Bb2 Nf6 4.
Nf3 c5 5. e3 Nc6 6. cxd5 exd5 7.
Bb5 Be7 8. O-O O-O 9. d4 Qb6 10. Nc3 cxd4 11. Nxd4 a6 12. Na4 Qc7 13. Bxc6 bxc6 14.
Rc1 Bd7 15. Nc5 Bc8 16. Qc2 Ng4 17. Nf3 Nh6 18. Be5 Qa5 19. Nd4 Qb6 20. Na4 Qb7 21.
Qxc6 Qa7 22. Qxd5 Bb7 23. Qd7 Bd8 24. Nc5 Bc8 25. Qd5 Ng4 26. Nc6 Qb6 27. Nxd8 Rxd8 28.
Qxa8 Nxe5 29. Rfd1 Re8 30. Na4 Qe6 31. Qd5 Qf6 32.
Nb6 Bg4 33. Rd4 Qxb6 34. Re4 Qe6 35. Qxe6 Bxe6 36. Rxe5 Rd8 37. h3 g6 38. Ra5 Rd2 39. Rxa6 Bd5 40. Ra5 f5 41. Rxd5 Rxd5 42. Ra1 Ra5 43.
a4 Ra6 44. b4 Rb6 45. b5 Ra6 46. bxa6 1-0

[Event "Late-Titled-Tuesday-Blitz-September-19-2023"]
[Site "Chess.com"]
[Date "2023.09.19"]
[Round "4"]
[White "jup1978"]
[Black "karinachess1"]
[Result "0-1"]
[WhiteElo "2464"]
[BlackElo "2611"]
[TimeControl "180+1"]
[EndTime "14:37:49 PDT"]
[Termination "karinachess1 won by resignation"]

1. e4 c5 2. Nf3 Nc6 3. Bb5 e6 4.
Bxc6 bxc6 5. d3 Ne7 6. O-O Ng6 7.
Ng5 f6 8. Nh3 Be7 9. f4 O-O 10.
Nc3 f5 11. e5 d5 12. exd6 Qxd6 13. Be3 Bf6 14. Qd2 c4 15. dxc4 Qb4 16. Ne4 Qxc4 17. Nxf6+ Rxf6 18. b3 Qd5 19. c4 Qxd2 20. Bxd2 Bb7 21. Bc3 Rff8 22. Rad1 Rfd8 23. g3 h6 24. Kf2 c5 25. Ng1 Kf7 26. Ne2 Ne7 27.
Nc1 Be4 28. Ke2 Nc6 29. Nd3 Bxd3+ 30. Rxd3 Rxd3 31. Kxd3 Rd8+ 32. Ke2 g5 33. Rd1 Rxd1 34.
Kxd1 gxf4 35. gxf4 Kg6 36. Ke2 Kh5 37. Kf3 Kh4 38.
a3 a5 39. Ke3 Kh3 40. Bg7 h5 41. Bf8 Nd4 42. b4 axb4 43. axb4 Nc2+ 44. Kd2 Nxb4 45. Bxc5 Nc6 46. Bf2 Kxh2 47. Bh4 Kh3 48. Bf2 Kg4 49. Ke3 h4 50. c5 h3 51. Bg1 Kg3 52. Kd3 Kg2 53. Bh2 Kxh2 0-1

[Event "Late-Titled-Tuesday-Blitz-September-19-2023"]
[Site "Chess.com"]
[Date "2023.09.19"]
[Round "4"]
[White "stolencandy13"]
[Black "queen_iryna"]
[Result "1-0"]
[WhiteElo "2558"]
[BlackElo "2375"]
[TimeControl "180+1"]
[EndTime "14:37:50 PDT"]
[Termination "stolencandy13 won by resignation"]

1. d4 d6 2. Bf4 g6 3. Nc3 Bg7 4. Nf3 Nd7 5. e3 e5 6. Bg5 Ngf6 7. Qd2 h6 8. Bh4 O-O 9. O-O-O exd4 10. exd4 Nb6 11. Bd3 g5 12. Nxg5 hxg5 13. Bxg5 Bg4 14. f3 Bh5 15. Qf4 Bg6 16. Ne4 Nbd5 17. Qh4 Re8 18. c4 Bxe4 19. Bxe4 Nb6 20. Bxb7 Rb8 21. Bc6 Re2 22. b3 Nxc4 23. bxc4 Rbb2 24. Rd2 Qb8 25. Bb5 Rbxd2 26. Bxd2 a6 27. Ba4 Rxd2 28.
Kxd2 Qb4+ 29. Kd3 Qxa4 30. Rb1 Qa3+ 31. Rb3 Qxa2 32. Rb8+ Bf8 33. Qxf6 Qa3+ 34. Ke4 Qa1 35. Qg5+ Kh7 36. Rxf8 Qb1+ 37. Kf4 Qc1+ 38. Kg4 Qxg5+ 39. Kxg5 Kg7 40. Rc8 f6+ 41. Kf5 a5 42. Rxc7+ 1-0

[Event "Late-Titled-Tuesday-Blitz-September-19-2023"]
[Site "Chess.com"]
[Date "2023.09.19"]
[Round "4"]
[White "tgpgoat"]
[Black "emeli_chess"]
[Result "1-0"]
[WhiteElo "2507"]
[BlackElo "2353"]
[TimeControl "180+1"]
[EndTime "14:37:50 PDT"]
[Termination "tgpgoat won by resignation"]

1. Nf3 f5 2. g3 Nf6 3. Bg2 d6 4.
O-O e5 5. d3 Be7 6. c4 O-O 7.
Nc3 a5 8. a3 c6 9. Be3 Qe8 10. b4 Qh5 11. Bd2 Na6 12. b5 Nc5 13. bxc6 bxc6 14. Na4 Ne6 15. Nb6 Ra6 16. Nxc8 Rxc8 17.
Bc3 e4 18. Nd4 Nxd4 19. Bxd4 d5 20. cxd5 cxd5 21. dxe4 dxe4 22. e3 Qh6 23. Qe2 Rac6 24. Qb5 Bc5 25. Qxa5 Ng4 26. h3 Nxe3 27. fxe3 Bxd4 28.
Qd5+ Qe6 29. Qxe6+ Rxe6 30. exd4 g6 31. Rac1 Ra8 32. Rc3 Ra4 33. Rd1 Rd6 34. Kf2 Raxd4 35. Rxd4 Rxd4 36. Bf1 Rd2+ 37. Be2 Kg7 38. Ke3 Ra2 39.
g4 Kf6 40. gxf5 gxf5 41. Bc4 Ra1 42. Rb3 Rc1 43. Bb5 Ke5 44. a4 Rc2 45. Be2 f4+ 46. Kf2 f3 47. Re3 fxe2 48. Rxe2 Rc5 49. Ra2 Ra5 50.
Ke3 h5 51. h4 Kd5 52. Ra3 Kc4 53.
Kxe4 Kb4 54. Ra1 Ra8 55. a5 Kb5 56. a6 Kb6 57. a7 Rxa7 58. Rxa7 Kxa7 59. Kf5 Kb7 60. Kg5 Kc7 61. Kxh5 Kd8 62. Kg6 Ke8 63.
Kg7 1-0

[Event "Late-Titled-Tuesday-Blitz-September-19-2023"]
[Site "Chess.com"]
[Date "2023.09.19"]
[Round "4"]
[White "Mike24147"]
[Black "guillembaches"]
[Result "0-1"]
[WhiteElo "2360"]
[BlackElo "2507"]
[TimeControl "180+1"]
[EndTime "14:37:53 PDT"]
[Termination "guillembaches won by resignation"]

1. e4 d5 2. exd5 Qxd5 3. Nc3 Qa5 4. d4 Nf6 5. Nf3 Bf5 6. Bd2 e6 7. Bc4 Bb4 8. O-O Nc6 9. d5 exd5 10. Re1+ Be6 11. a3 Bxc3 12. Bxc3 Qc5 13. Bxf6 gxf6 14.
Bxd5 O-O-O 15. Bxe6+ fxe6 16. Qe2 e5 17. c4 Nd4 18.
Nxd4 Rxd4 19. Rac1 Rhd8 20. b4 Qc6 21. c5 Rd2 22.
Qg4+ Kb8 23. h3 a6 24. Qe4 Qxe4 25. Rxe4 Ra2 26. Rc3 Rd1+ 27. Kh2 Rxf2 28. Rh4 Rdd2 29. Rg3 Rd7 30. Rg8+ Ka7 31. Rh8 e4 32. Rxe4 f5 33.
Ree8 b5 34. Ra8+ Kb7 35. Rhb8+ Kc6 36. Rxa6+ Kd5 37. Rg8 f4 38. c6 Re7 39. Rg5+ Kc4 40. Ra8 f3 41. Kg1 Ree2 42. gxf3 Rxf3 43. Rd8 Rxa3 44. Rdd5 Ra1+ 0-1

[Event "Late-Titled-Tuesday-Blitz-September-19-2023"]
[Site "Chess.com"]
[Date "2023.09.19"]
[Round "4"]
[White "Parhamov"]
[Black "MathiasWomacka"]
[Result "1-0"]
[WhiteElo "3032"]
[BlackElo "2559"]
[TimeControl "180+1"]
[EndTime "14:37:54 PDT"]
[Termination "Parhamov won by resignation"]

1. d4 Nf6 2. c4 e6 3. Nf3 Bb4+ 4. Bd2 Qe7 5. g3 Bxd2+ 6. Qxd2 Nc6 7. Nc3 d5 8. cxd5 exd5 9. Bg2 Bg4 10. O-O O-O-O 11. e3 Ne4 12. Qd3 h5 13. Rac1 h4 14.
Nxh4 Rxh4 15. Nxd5 Rxd5 16. Qxe4 Qxe4 17. Bxe4 Rhh5 18.
Bxd5 Rxd5 19. f3 Be6 20. a3 Rb5 21. b4 a5 22. Rc5 Na7 23. Rfc1 c6 24. bxa5 Rb3 25.
R5c3 Rb5 26. a6 bxa6 27. e4 Kb7 28. h4 Rb2 29. Rd3 Nb5 30. g4 g6 31. d5 cxd5 32.
exd5 Bd7 33. d6 Kb6 34. h5 gxh5 35. gxh5 Re2 36. a4 Na7 37. Rc7 Bxa4 38. d7 Bxd7 39.
Rcxd7 Re5 40. h6 Rg5+ 41. Kf2 Rh5 42. R3d6+ Nc6 43. Rxf7 Kc5 44. Rdf6 Ne5 45. Rf5 1-0

[Event "Late-Titled-Tuesday-Blitz-September-19-2023"]
[Site "Chess.com"]
[Date "2023.09.19"]
[Round "4"]
[White "Sjakkerntobi"]
[Black "ameetghasi100"]
[Result "0-1"]
[WhiteElo "2517"]
[BlackElo "2697"]
[TimeControl "180+1"]
[EndTime "14:37:54 PDT"]
[Termination "ameetghasi100 won by checkmate"]

1. e4 g6 2. d4 Bg7 3. Nc3 d6 4. f4 e6 5. Nf3 Ne7 6. h4 h5 7. Bd3 d5 8. e5 b6 9. Qe2 c5 10. Bb5+ Nbc6 11. Be3 c4 12. Bxc6+ Nxc6 13. Nb5 Bf8 14. Ng5 a6 15. Nc3 Ne7 16. g4 hxg4 17. Qxg4 Nf5 18. Bf2 Rh5 19. Ne2 b5 20. Rg1 Ra7 21.
Ng3 Nxg3 22. Bxg3 Qa5+ 23. Ke2 b4 24. Be1 Qb5 25. c3 a5 26. Bd2 a4 27. a3 bxa3 28. bxa3 Rb7 29. Qg2 Qd7 30. Rgb1 Rb3 31. Qf3 Ba6 32. Nh3 Be7 33. Nf2 Qb7 34. Rg1 Rxa3 35. Rxa3 Bxa3 36. Ng4 Be7 37. Ne3 Rxh4 38. f5 exf5 39.
Nxd5 Re4+ 40. Ne3 a3 41. Ra1 Qb2 42. Qf1 f4 43. Kf3 Qxd2 44. Kxe4 Qxe3+ 45. Kd5 Qxc3 46. Qb1 Qb3 47. Ke4 g5 48. Qh1 Bb7+ 49. d5 Qd3# 0-1

[Event "Late-Titled-Tuesday-Blitz-September-19-2023"]
[Site "Chess.com"]
[Date "2023.09.19"]
[Round "4"]
[White "ElDivis"]
[Black "DucksParadise"]
[Result "1-0"]
[WhiteElo "2519"]
[BlackElo "2638"]
[TimeControl "180+1"]
[EndTime "14:37:54 PDT"]
[Termination "ElDivis won by resignation"]

1. d4 Nf6 2. Nf3 c5 3. e3 e6 4.
Bd3 d5 5. O-O Bd6 6. dxc5 Bxc5 7. Nc3 Nc6 8. e4 O-O 9. e5 Ng4 10. Bxh7+ Kxh7 11. Ng5+ Kg8 12. Qxg4 f6 13. Nxe6 Qe7 14.
Qxg7+ Qxg7 15. Nxg7 Kxg7 16. exf6+ Rxf6 17. Nxd5 Rf5 18. Ne3 Rh5 19. Bd2 Be6 20. Bc3+ Kf7 21. Rad1 Rg8 22.
Rfe1 Ne5 23. Bxe5 Rxe5 24. Nf1 Rf5 25. Rd2 Rg4 26. Ne3 Bxe3 27. Rxe3 Rfg5 28. g3 Rb4 29. b3 Ra5 30. a4 b5 31. axb5 Rbxb5 32. Re1 Bh3 33.
f3 Re5 34. Rxe5 Rxe5 35. Kf2 Ra5 36. g4 Ra1 37. Kg3 Bf1 38. h4 Bb5 39. h5 Rg1+ 40.
Kf4 Kf6 41. Rd6+ Ke7 42. Rd5 Bc6 43. Rc5 Kd6 44. Rc3 Rf1 45. Rd3+ Ke6 46. h6 Rh1 47.
Kg5 Rh3 48. f4 Rxd3 49. cxd3 Bd5 50. f5+ Kf7 51. b4 Bb3 52. Kf4 Bc2 53. d4 Kf6 54. g5+ 1-0

[Event "Late-Titled-Tuesday-Blitz-September-19-2023"]
[Site "Chess.com"]
[Date "2023.09.19"]
[Round "4"]
[White "Siemba"]
[Black "marik_spb"]
[Result "1-0"]
[WhiteElo "2602"]
[BlackElo "2403"]
[TimeControl "180+1"]
[EndTime "14:37:54 PDT"]
[Termination "Siemba won on time"]

1. e4 c6 2. d4 d5 3. e5 Bf5 4. h4 h5 5. Bg5 Qb6 6. Bd3 Bxd3 7. Qxd3 e6 8. Nd2 c5 9. Ngf3 Nc6 10. O-O cxd4 11. c4 dxc3 12. bxc3 Nge7 13. Rab1 Qc7 14. c4 Nxe5 15. Nxe5 Qxe5 16. Rxb7 f6 17.
Nf3 Qe4 18. Qb3 Qxc4 19. Qb1 Kf7 20. Rc1 Qe4 21. Qb5 Kg6 22. Be3 Nf5 23. Qd7 Nxe3 24. Qf7+ Kh6 25. Re1 Qg6 26. Rxe3 Qxf7 27. Rxf7 e5 28.
Nh2 Bc5 29. Rg3 Rhg8 30. Rc7 Rac8 31. Rgxg7 Rxc7 32. Rxc7 Bb6 33. Rd7 d4 34. Kf1 Rc8 35. g4 hxg4 36. Nxg4+ Kg6 37. Rd6 Rf8 38. Nxe5+ Kf5 39.
Nd7 Rd8 40. Rxf6+ Kg4 41. Nxb6 axb6 42. Rxb6 Kxh4 43. Ke2 Kg4 44. Rb4 Kf4 45. Kd3 Kf3 46. Rxd4 Ra8 47. a4 Kg2 48. f4 Kf3 49. f5 Rf8 50.
Rd5 1-0

[Event "Late-Titled-Tuesday-Blitz-September-19-2023"]
[Site "Chess.com"]
[Date "2023.09.19"]
[Round "4"]
[White "rikchessmx"]
[Black "Jaka_Brilej"]
[Result "0-1"]
[WhiteElo "2329"]
[BlackElo "2475"]
[TimeControl "180+1"]
[EndTime "14:37:54 PDT"]
[Termination "Jaka_Brilej won by checkmate"]

1. e4 e6 2. d4 d5 3. Nc3 Nf6 4. Bg5 dxe4 5. Nxe4 Be7 6. Bxf6 gxf6 7. Nf3 f5 8. Nc3 a6 9. d5 Bf6 10. Qd2 Nd7 11.
dxe6 fxe6 12. O-O-O Qe7 13. Bc4 Nb6 14. Bb3 Bd7 15.
Kb1 O-O-O 16. Qe3 e5 17. Nd5 Nxd5 18. Bxd5 Kb8 19. Rhe1 e4 20. Nd4 Bc8 21. Qb3 Qc5 22.
Nxf5 Qxf2 23. Bxe4 Rhe8 24. Rf1 Rxd1+ 25. Rxd1 Rxe4 26.
Ng3 Re1 27. c3 Be6 28. Qa4 Bf5+ 29. Nxf5 Qxf5+ 30. Ka1 Qe5 31. a3 Rxd1+ 32. Qxd1 Qxh2 33. Qf3 Qe5 34. Qh3 h5 35. Qd7 h4 36. Qf7 Qe7 37.
Qg8+ Ka7 38. Qc4 Qe1+ 39. Ka2 Qe5 40. Qf7 c6 41. Qh7 Qd5+ 42. Kb1 Qxg2 43. Qd3 Qd5 44. Qe3+ c5 45. Qf4 Qe5 46. Qf2 h3 47. b4 h2 48.
bxc5 h1=Q+ 49. Ka2 Qhd5+ 50. Kb2 Qxc5 51. Qxc5+ Qxc5 52.
Kb3 Qxc3+ 53. Ka4 b5# 0-1

[Event "Late-Titled-Tuesday-Blitz-September-19-2023"]
[Site "Chess.com"]
[Date "2023.09.19"]
[Round "4"]
[White "SCIM"]
[Black "Jospem"]
[Result "0-1"]
[WhiteElo "2564"]
[BlackElo "3057"]
[TimeControl "180+1"]
[EndTime "14:37:56 PDT"]
[Termination "Jospem won on time"]

1. d4 Nf6 2. c4 g6 3. Nc3 Bg7 4.
e4 d6 5. f3 O-O 6. Be3 c6 7.
Bd3 e5 8. d5 Nbd7 9. Nge2 a5 10. O-O Nc5 11. Bc2 cxd5 12. Bxc5 dxc5 13. cxd5 c4 14. Qd2 b5 15. a4 b4 16. Nb5 Bd7 17.
Kh1 Qb6 18. f4 Ng4 19. h3 Ne3 20. Rf3 exf4 21. Nxf4 Nxc2 22. Qxc2 Bxb5 23. axb5 Qxb5 24. Raf1 b3 25. Qe2 Rae8 26. d6 Rd8 27. Nd5 Rxd6 28.
Ne7+ Kh8 29. Rxf7 Rxf7 30. Rxf7 Rd8 31. Qf2 Qg5 32. Nd5 Qe5 33. Qh4 g5 34. Qg4 Re8 35. Rc7 Qxb2 36. Rxc4 Qa1+ 37. Kh2 Qe5+ 38. g3 b2 39. Qd1 Rf8 40. Ne3 Qb5 41. Qb1 a4 42.
Rc7 a3 43. Nf5 Qe2+ 44. Kg1 Qd2 45. Rxg7 Qc1+ 0-1

[Event "Late-Titled-Tuesday-Blitz-September-19-2023"]
[Site "Chess.com"]
[Date "2023.09.19"]
[Round "4"]
[White "ErikRonka"]
[Black "JoakimVonAnd"]
[Result "0-1"]
[WhiteElo "2530"]
[BlackElo "2720"]
[TimeControl "180+1"]
[EndTime "14:37:57 PDT"]
[Termination "JoakimVonAnd won by checkmate"]

1. e4 c6 2. d4 d5 3. Nd2 dxe4 4. Nxe4 Bf5 5. Ng3 Bg6 6. h4 h6 7. Nf3 Nf6 8. Ne5 Bh7 9. Bd3 Nbd7 10. Bxh7 Nxe5 11.
dxe5 Qa5+ 12. Kf1 Nxh7 13. e6 Qd5 14. Qxd5 cxd5 15. Be3 fxe6 16. Bd4 e5 17. Bxe5 e6 18.
Ke2 Kf7 19. Nh5 Nf6 20. Nf4 Rc8 21. c3 Rc4 22. Nd3 Nd7 23. Bg3 Be7 24. f3 Bf6 25.
Rad1 a5 26. Kf2 Rhc8 27. Rhf1 Bxh4 28. Rfe1 Bxg3+ 29. Kxg3 b5 30. Re2 b4 31. cxb4 axb4 32. Rde1 R8c6 33. b3 Rd4 34. Nf4 e5 35. Nh3 Rc3 36.
Kh2 Rcd3 37. Rc2 Rd2 38. Rc7 Ke6 39. Ra7 Rc2 40. a3 Rdd2 41. Rg1 bxa3 42. Rxa3 Rb2 43. Kg3 Nf6 44. Ra6+ Kf5 45. Kh2 g5 46. Ra5 h5 47.
Kh1 Rxb3 48. Ra4 Rbb2 49. Ra3 e4 50. fxe4+ Nxe4 51. Kh2 g4 52. Rf1+ Ke5 53. Nf4 h4 54. Ra5 h3 55. Kh1 hxg2+ 56. Nxg2 Ng3+ 57. Kg1 Rxg2# 0-1

[Event "Late-Titled-Tuesday-Blitz-September-19-2023"]
[Site "Chess.com"]
[Date "2023.09.19"]
[Round "4"]
[White "Eloist"]
[Black "jinxy2009"]
[Result "1/2-1/2"]
[WhiteElo "2487"]
[BlackElo "2311"]
[TimeControl "180+1"]
[EndTime "14:37:57 PDT"]
[Termination "Game drawn - insufficient material"]

1. e4 c5 2. Nf3 Nc6 3. Bb5 g6 4. Bxc6 dxc6 5. d3 Bg7 6. O-O Nf6 7. a4 a5 8. Be3 b6 9. Qc1 Bg4 10. Ne5 Rc8 11. Na3 Be6 12. Bh6 O-O 13. Bxg7 Kxg7 14. Nac4 Bxc4 15. Nxc4 Nd7 16. f4 e6 17. e5 Nb8 18.
Qe3 Qd4 19. Qxd4 cxd4 20. Nxb6 Rc7 21. Nc4 Ra7 22. Rfb1 c5 23. c3 dxc3 24. bxc3 Nc6 25. Rb5 Rd8 26. Rxc5 Ne7 27. Nd6 Nf5 28. Nxf5+ gxf5 29. d4 Rb8 30. c4 Rb4 31. d5 exd5 32. cxd5 Rxf4 33. Rd1 Rd7 34. d6 Rxa4 35. Rdc1 Rb4 36.
Rc7 Rb7 37. Rxd7 Rxd7 38. Rc7 Rd8 39. Ra7 Kg6 40. Kf2 f6 41. exf6 Rxd6 42. f7 Rf6 43. Kf3 Rxf7 44. Rxa5 Rf6 45. Kf4 h6 46. g3 Rf7 47.
Ra6+ Rf6 48. Rxf6+ Kxf6 49. h3 Ke6 50. g4 fxg4 51.
hxg4 Kf6 52. Kf3 Kg5 53. Kg3 h5 54. gxh5 Kxh5 1/2-1/2